 Dungeon Crawl Stone Soup version 0.24-a0-513-g284f782df5 (webtiles) character file.

Game seed: 11162988078079195003

154 Azzok the Shield-Bearer (level 5, -1/41 HPs)
             Began as a Formicid Fighter on July 20, 2019.
             Slain by a howler monkey (6 damage)
             ... on level 3 of the Dungeon.
             The game lasted 00:03:07 (2423 turns).

Azzok the Shield-Bearer (Formicid Fighter)          Turns: 2423, Time: 00:03:07

Health: -1/41      AC: 13    Str: 25    XL:     5   Next: 63%
Magic:  5/5        EV:  7    Int:  7    God:
Gold:   211        SH: 10    Dex: 10    Spells: 4/4 levels left

rFire    + . .     SeeInvis +   a - +0 war axe
rCold    . . .     Gourm    .   c - +0 shield
rNeg     . . .     Faith    .   l - +4 chain mail
rPois    .         Spirit   .   (helmet unavailable)
rElec    .         Reflect  .   (no cloak)
rCorr    .         Harm     .   (no gloves)
MR       .....                  (no boots)
Stlth    ..........             r - amulet of the acrobat
HPRegen  0.13/turn              h - +3 ring of strength
MPRegen  0.09/turn              j - ring of protection from fire

@: no status effects
A: permanent stasis, dig shafts and tunnels, four strong arms, antennae 3
a: Dig, Shaft Self


You were on level 3 of the Dungeon.
You were not hungry.

You visited 1 branch of the dungeon, and saw 4 of its levels.

You collected 211 gold pieces.

Inventory:

Hand Weapons
 a - a +0 war axe (weapon)
 b - a +1 mace of draining
Armour
 c - a +0 shield (worn)
 l - a +4 chain mail (worn)
Jewellery
 h - a +3 ring of strength (left hand)
 j - a ring of protection from fire (right hand)
 r - an amulet of the acrobat (around neck)
Scrolls
 e - 2 scrolls of magic mapping
 k - a scroll of enchant weapon {unknown}
 m - a scroll of amnesia {unknown}
 o - 2 scrolls of remove curse {unknown}
 p - a scroll of fear {unknown}
Potions
 d - 3 potions of might
 g - 2 potions of degeneration {unknown}
 i - a potion of ambrosia {unknown}
 n - a potion of invisibility {unknown}
 q - 2 potions of cancellation {unknown}
 t - a potion of resistance {unknown}
Comestibles
 f - 7 rations
 s - 2 chunks of flesh


   Skills:
 - Level 3.2 Fighting
 + Level 4.0 Axes
 - Level 3.2 Armour
 + Level 5.6 Shields


You had 4 spell levels left.
You didn't know any spells.
Your spell library was empty.

Dungeon Overview and Level Annotations

Branches:
Dungeon (4/15)
 Temple: D:4-7

Altars:
Cheibriados
Elyvilon


Innate Abilities, Weirdness & Mutations

You cannot be hasted, slowed, berserked, paralysed or teleported.
You can dig through walls and to a lower floor.
Your four strong arms can wield two-handed weapons with a shield.
You have a pair of large antennae on your head. (SInv)


Message History

The howler monkey hoots and howls with incredible vigour!
You hear a shout! x5
The orc priest mumbles some strange prayers to Beogh against you.
Beogh smites you!
There is a stone staircase leading up here.
You block the orc's attack.
The howler monkey hoots and howls with incredible vigour!
The orc priest mumbles some strange prayers to Beogh against you.
Beogh smites you!
* * * LOW HITPOINT WARNING * * *
You hear a shout!
You hear a bark!
You hear a shout!
You climb upwards.
There is a stone staircase leading down here.
Your shield and chain mail prevent you from hitting the howler monkey.
You hit the orc.
You kill the orc!
You slash the orc!
You kill the orc!
The howler monkey hits you.
You die...

▒·▒ ▒·▒▒▒▒▒▒
▒······▒
▒▒▒▒▒▒·▒
▒▒▒▒▒▒▒ ▒·▒
······▒ ▒·▒
▒▒▒▒▒·▒ ▒·▒
▒·▒ ▒h▒
▒·▒▒▒▒▒▒▒▒▒▒@▒
▒··········))▒
▒▒▒▒▒▒▒▒▒▒▒▒▒▒


You could see a howler monkey.

Vanquished Creatures
  Robin (D:2)
  4 adders
  2 oozes
  3 worms (D:2)
  2 dart slugs
  4 leopard geckos
  3 orcs (D:3)
  A bat (D:2)
  5 giant cockroaches
  13 goblins
  15 hobgoblins
  7 jackals (D:2)
  A quokka (D:3)
  A ball python (D:2)
  3 frilled lizards
  4 kobolds
  4 rats
73 creatures vanquished.

Notes
Turn   | Place    | Note
-------+----------+-------------------------------------------
     0 | D:1      | Azzok the Formicid Fighter began the quest for the Orb.
     0 | D:1      | Reached XP level 1. HP: 18/18 MP: 1/1
    56 | D:1      | Reached XP level 2. HP: 18/24 MP: 2/2
    64 | D:1      | Reached skill level 4 in Shields
   573 | D:1      | Reached XP level 3. HP: 26/29 MP: 3/3
  1046 | D:2      | Found a snail-covered altar of Cheibriados.
  1114 | D:2      | Reached XP level 4. HP: 33/35 MP: 4/4
  1142 | D:2      | Noticed Robin
  1152 | D:2      | Killed Robin
  1152 | D:2      | Reached skill level 5 in Shields
  1206 | D:2      | Found a white marble altar of Elyvilon.
  1212 | D:2      | Reached XP level 5. HP: 37/41 MP: 5/5
  2423 | D:3      | Slain by a howler monkey

Levels and vault maps discovered:
D:1:      mrwooster_arrival_statue_2, layout_basic, minmay_hexomino_c4
D:2:      layout_rooms, kennysheep_slug_shrine, lemuel_crystal_altar, uniq_robin
D:3:      minmay_spotlight, layout_loops_ring, first_ration
D:4:      layout_basic, nicolae_overflow_crystal_walls,
          minmay_temple_entry_mini_moons, portal_sewer_entry_d

Skill      XL: |  1  2  3  4  5 |
---------------+----------------+-----
Shields        | 4 5 |  5.6
Axes           | 3 4 |  4.0
Fighting       | |  3.2
Armour         | |  3.2

Action                   |  1- 3 |  4- 6 || total
-------------------------+-------+-------++-------
Melee: War axe           |    50 |   143 ||   193
       Mace              |    40 |       ||    40
  Use: Scroll            |       |     3 ||     3
  Eat: Chunk             |     1 |     4 ||     5
Armor: Scale mail        |     9 |       ||     9
       Chain mail        |    23 |    89 ||   112
Dodge: Dodged            |    26 |    47 ||    73
Block: Shield            |    52 |   101 ||   153

Table legend:
 A = Non-vault XP
 B = Vault XP
 C = Vault XP percentage of total XP
 D = Non-vault monster count
 E = Vault monster count
 F = Vault count percentage of total count
                 A         B        C        D         E       F
            +---------+---------+-------+---------+---------+-------
      Total |     160 |      61 |  27.6 |      50 |      23 |  31.5
            +---------+---------+-------+---------+---------+-------
        D:1 |      22 |      12 |  35.3 |       9 |       6 |  40.0
        D:2 |     104 |      40 |  27.8 |      30 |      12 |  28.6
        D:3 |      34 |       9 |  20.9 |      11 |       5 |  31.2
            +---------+---------+-------+---------+---------+-------
